 Dungeon Crawl Stone Soup version 0.24-a0-619-gb7544fd (console) character file.

Game seed: 8609869897929515895, levelgen mode: deterministic

98 vegansnacktivist the Skirmisher (level 4, -2/33 HPs)
             Began as an Octopode Transmuter on Sept 16, 2019.
             Slain by a gnoll
             ... wielding a +0 halberd
              (9 damage)
             ... on level 2 of the Dungeon.
             The game lasted 00:02:14 (1438 turns).

vegansnacktivist the Skirmisher (OpTm)              Turns: 1438, Time: 00:02:14

Health: -2/33      AC:  1    Str: 10    XL:     4   Next: 71%
Magic:  2/7        EV: 13    Int: 15    God:
Gold:   62         SH:  0    Dex: 12    Spells: 1/7 levels left

rFire    . . .     SeeInvis .     - Unarmed
rCold    . . .     Gourm    .   (no shield)
rNeg     . . .     Faith    .   (helmet restricted)
rPois    .         Spirit   .   (no amulet)
rElec    .         Reflect  .   (no ring)
rCorr    .         Harm     .   (no ring)
MR       .....                  (no ring)
Stlth    ++........             (no ring)
HPRegen  0.11/turn              (no ring)
MPRegen  0.10/turn              (no ring)
                                (no ring)
                                (no ring)

@: very slightly contaminated
A: almost no armour, stealthy swim, amphibious, 8 rings, constrict 8, camouflage
1, gelatinous body 1
a: no special abilities


You were on level 2 of the Dungeon.
You were hungry.

You visited 1 branch of the dungeon, and saw 2 of its levels.

You collected 62 gold pieces.

Inventory:

Missiles
 a - 64 arrows
Jewellery
 d - a +3 ring of intelligence {unknown}
Scrolls
 e - a scroll of enchant weapon {unknown}
 f - a scroll of remove curse {unknown}
Potions
 b - a potion of curing {unknown}
 g - a potion of magic {unknown}
Comestibles
 c - 3 rations


   Skills:
 - Level 4.0 Fighting
 - Level 2.0 Dodging
 + Level 3.4 Unarmed Combat
 - Level 2.0 Spellcasting
 - Level 2.0 Transmutations


You had one spell level left.
You knew the following spells:

 Your Spells              Type           Power        Failure   Level  Hunger
a - Beastly Appendage     Tmut           #.....       10%         1    #......
b - Sticks to Snakes      Tmut           #.......     14%         2    ###....
c - Spider Form           Tmut/Pois      #.........   41%         3    ###....

Your spell library contained the following spells:

 Spells                   Type           Power        Failure   Level  Hunger
 Ice Form                 Ice/Tmut       #.......     82%         4    #####..
 Blade Hands              Tmut           #.........   95%         5    ######.


Dungeon Overview and Level Annotations

Branches:
Dungeon (2/15)

Altars:
Fedhas


Innate Abilities, Weirdness & Mutations

You cannot wear most types of armour.
You are very stealthy in the water. (Stealth+)
You are amphibious.
You can wear up to eight rings at the same time.
You can use your tentacles to constrict eight enemies at once.
Your skin changes colour to match your surroundings (Stealth+).
Your rubbery body absorbs attacks. (AC +1, EV +1)


Message History

You hit the gnoll.
The gnoll looks as sick as possible!
The gnoll is almost dead.
You kill the gnoll!
The gnoll hits you from afar with a +0 spear.
The gnoll completely misses you.
You see here a +0 halberd.
You bite the gnoll!
The gnoll is poisoned.
The gnoll is heavily wounded.
Your transformation has ended.
A gnoll comes into view. It is wielding a +0 halberd.
You tentacle-slap the gnoll. Your grab misses the gnoll. You squeeze the gnoll!
The gnoll is almost dead.
The gnoll hits you with a +0 spear!
* * * LOW HITPOINT WARNING * * *
The gnoll barely misses you.
You tentacle-slap the gnoll.
You kill the gnoll!
The gnoll barely misses you.
The gnoll hits you from afar with a +0 halberd!
You die...

#................#
÷....#...........#
).##.............#
####.#...........#
# #
###.###.###...#)#
# #.# #.###.#.#.#
. #.........# ###
#.###.#?#.# ...
#.#@#.# .# ###)# #
.## #gg...# .P.
###.### ♣ .# ♣♣♣ #
... ...


.PP You could see 2 gnolls.

Vanquished Creatures
  Terence (D:2)
  2 gnolls (D:2)
  3 adders (D:2)
  A worm (D:2)
  A dart slug (D:2)
  2 goblins
  A hobgoblin (D:2)
  4 jackals (D:1)
  4 bats
  A frilled lizard (D:1)
  3 kobolds
  4 rats
27 creatures vanquished.

Notes
Turn   | Place    | Note
-------+----------+-------------------------------------------
     0 | D:1      | vegansnacktivist the Octopode Transmuter began the quest
                  | for the Orb.
     0 | D:1      | Reached XP level 1. HP: 13/13 MP: 3/3
    60 | D:1      | Reached skill level 2 in Fighting
    60 | D:1      | Reached XP level 2. HP: 7/19 MP: 3/5
   382 | D:1      | Learned a level 2 spell: Sticks to Snakes
   691 | D:2      | Reached XP level 3. HP: 14/25 MP: 4/6
   858 | D:2      | Noticed Terence
   863 | D:2      | Reached skill level 3 in Fighting
   868 | D:2      | Killed Terence
   868 | D:2      | Reached XP level 4. HP: 24/33 MP: 7/7
   913 | D:2      | Reached skill level 4 in Fighting
  1277 | D:2      | Found a blossoming altar of Fedhas.
  1424 | D:2      | Learned a level 3 spell: Spider Form
  1438 | D:2      | Slain by a gnoll

Levels and vault maps discovered:
D:1:      dpeg_arrival_simpleton_c, layout_basic, minivault_23
D:2:      layout_basic, lemuel_doored_altar, serial_forest,
          infiniplex_forest_end_double, infiniplex_forest_straight_3,
          infiniplex_forest_lined_room_2, infiniplex_forest_clump_curved,
          infiniplex_forest_end_double, infiniplex_forest_lined_2, uniq_terence

Skill      XL: |  1  2  3  4 |
---------------+-------------+-----
Fighting       | 2 3 4 |  4.0
Dodging        | |  2.0
Unarmed Combat | |  3.4
Spellcasting   | |  2.0
Transmutations | |  2.0

Action                   |  1- 3 |  4- 6 || total
-------------------------+-------+-------++-------
Melee: Unarmed           |    46 |    27 ||    73
       Constrict         |    11 |     7 ||    18
       Tentacles         |    10 |     6 ||    16
       Kick              |     8 |     2 ||    10
       Punch             |     1 |       ||     1
 Cast: Beastly Appendage |     6 |     2 ||     8
       Spider Form       |       |     1 ||     1
  Use: Potion            |       |     2 ||     2
 Stab: Sleeping          |     1 |       ||     1
  Eat: Chunk             |       |     1 ||     1
Armor: Skin              |     9 |     8 ||    17
Dodge: Dodged            |    36 |    32 ||    68

Table legend:
 A = Non-vault XP
 B = Vault XP
 C = Vault XP percentage of total XP
 D = Non-vault monster count
 E = Vault monster count
 F = Vault count percentage of total count
                 A         B        C        D         E       F
            +---------+---------+-------+---------+---------+-------
      Total |     105 |      36 |  25.5 |      26 |       1 |   3.7
            +---------+---------+-------+---------+---------+-------
        D:1 |      18 |       0 |   0.0 |      12 |       0 |   0.0
        D:2 |      87 |      36 |  29.3 |      14 |       1 |   6.7
            +---------+---------+-------+---------+---------+-------
